 Dungeon Crawl Stone Soup version 0.17-a0-1945-gfe993df (webtiles) character file.

6981 graki42 the Thaumaturge (level 10, 0/47 HPs)
             Began as a Deep Elf Fire Elementalist on Sept 30, 2015.
             Was a Believer of Vehumet.
             Slain by a four-headed hydra (16 damage)
             ... on level 1 of the Lair of Beasts.
             The game lasted 00:59:04 (11895 turns).

graki42 the Thaumaturge (DEFE)                     Turns: 11895, Time: 00:59:06

Health: 0/47       AC:  8    Str:  8    XL:     10   Next: 81%
Magic:  18/28      EV: 16    Int: 21    God:    Vehumet [**....]
Gold:   464        SH:  0    Dex: 15    Spells: 11 memorised, 7 levels left

rFire  . . .     SeeInvis +     v - +2 dagger (venom)
rCold  . . .     Rnd*Rage +     a - +0 robe
rNeg   + . .     SustAt   .     (no shield)
rPois  +         Gourm    .     A - +2 helmet of Beobuceb {rN+ MR+ rCorr Stlth-}
rElec  .         Spirit   .     K - +1 cloak
rCorr  +         Warding  .     O - +0 pair of gloves
rMut   .         Rnd*Tele +     (no boots)
MR     ++...                    (no amulet)
Stlth  ++........               B - ring of see invisible
                                o - ring of teleportation

@: very resistant to hostile enchantments, unstealthy
A: berserk 1, frail 1, poison resistance, slow healing 1
a: Renounce Religion, Evoke Teleportation


You were on level 1 of the Lair of Beasts.
You worshipped Vehumet.
Vehumet was pleased with you.
You were not hungry.

You visited 3 branches of the dungeon, and saw 12 of its levels.

You collected 464 gold pieces.

Inventory:

Hand weapons
 v - a +2 dagger of venom (weapon)
Missiles
 t - 48 stones (quivered)
Armour
 a - a +0 robe (worn)
 A - the +2 helmet of Beobuceb (worn) {rN+ MR+ rCorr Stlth-}
   (You found it on level 9 of the Dungeon)

   It protects you from negative energy.
   It affects your resistance to hostile enchantments.
   It protects you from acid and corrosion.
   It makes you less stealthy.
 K - a +1 cloak (worn)
 O - a +0 pair of gloves (worn)
Magical staves
 L - an uncursed staff of poison
Jewellery
 o - a ring of teleportation (left hand)
 B - a ring of see invisible (right hand)
 S - an uncursed ring of magical power {unknown}
Magical devices
 E - a wand of paralysis (0)
 G - a wand of enslavement (16)
 J - a wand of magic darts (16)
 Q - a wand of flame (35)
 T - a wand of slowing (34)
Scrolls
 e - 3 scrolls of magic mapping
 p - a scroll of immolation
 r - a scroll of enchant armour
 u - 2 scrolls of teleportation
 w - a scroll of fog
 x - a scroll of recharging
 F - a scroll of blinking
 M - a scroll of remove curse
 N - 3 scrolls of identify
 R - a scroll of amnesia {unknown}
Potions
 g - a potion of agility
 h - 3 potions of degeneration {unknown}
 i - 3 potions of flight {unknown}
 j - 6 potions of curing {unknown}
 k - a potion of resistance {unknown}
 m - a potion of haste {unknown}
 n - a potion of lignification
 q - 2 potions of magic {unknown}
 s - 2 potions of poison {unknown}
 C - a potion of heal wounds
 H - 2 potions of ambrosia {unknown}
 P - a potion of invisibility {unknown}
Books
 b - a book of Flames

   Spells                             Type                      Level
   a - Flame Tongue                   Conjuration/Fire             1
   b - Throw Flame                    Conjuration/Fire             2
   c - Conjure Flame                  Conjuration/Fire             3
   d - Inner Flame                    Hexes/Fire                   3
   e - Sticky Flame                   Conjuration/Fire             4
   f - Fireball                       Conjuration/Fire             5
 y - a book of Spatial Translocations

   Spells                             Type                      Level
   a - Apportation                    Translocation                1
   b - Blink                          Translocation                2
   c - Shroud of Golubria             Charms/Translocation         2
   d - Portal Projectile              Translocation                3
   e - Teleport Other                 Translocation                3
   f - Passage of Golubria            Translocation                4
 I - a book of Minor Magic

   Spells                             Type                      Level
   a - Magic Dart                     Conjuration                  1
   b - Blink                          Translocation                2
   c - Call Imp                       Summoning                    2
   d - Repel Missiles                 Charms/Air                   2
   e - Slow                           Hexes                        2
   f - Conjure Flame                  Conjuration/Fire             3
   g - Mephitic Cloud                 Conjuration/Poison/Air       3
Comestibles
 c - 7 bread rations
 d - 8 slices of pizza
 f - 5 meat rations
 z - 4 beef jerkies
 D - a royal jelly


   Skills:
 + Level 1.7 Fighting
 + Level 7.0 Dodging
 + Level 5.2 Stealth
 + Level 12.8 Spellcasting
 + Level 8.7 Conjurations
 + Level 2.3 Hexes
 + Level 9.0 Fire Magic
 + Level 2.3 Earth Magic
 + Level 0.4 Evocations


You had 7 spell levels left.
You knew the following spells:

 Your Spells              Type           Power        Failure   Level  Hunger
a - Flame Tongue          Conj/Fire      #####        1%          1    None
b - Conjure Flame         Conj/Fire      ######..     1%          3    None
c - Inner Flame           Hex/Fire       #####...     1%          3    None
d - Sticky Flame          Conj/Fire      ######..     1%          4    None
e - Fireball              Conj/Fire      ######....   3%          5    ####...
f - Blink                 Tloc           N/A          10%         2    None
g - Shroud of Golubria    Chrm/Tloc      ##........   10%         2    None
h - Sandblast             Erth           ###...       1%          1    None
i - Apportation           Tloc           ##........   6%          1    None
j - Repel Missiles        Chrm/Air       ##....       10%         2    None
k - Mephitic Cloud        Conj/Pois/Air  ####....     4%          3    None


Dungeon Overview and Level Annotations

Branches:
Dungeon (10/15)            Temple (1/1) D:7            Lair (1/8) D:8
    Orc (0/4) D:9

Altars:
Ashenzari
Cheibriados
Dithmenos
Elyvilon
Fedhas
Gozag
Kikubaaqudgha
Makhleb
Nemelex Xobeh
Okawaru
Qazlal
Ru
Sif Muna
Trog
Vehumet
Xom
Yredelemnul
Zin
The Shining One

Shops:
D:5 ?   D:7 (


Innate Abilities, Weirdness & Mutations

You tend to lose your temper in combat.
You are frail (-10% HP).
Your system is resistant to poisons.
You heal slowly when monsters are visible.


Message History

The sticky flame hits the four-headed hydra.
The four-headed hydra is moderately wounded.
The four-headed hydra is covered in liquid flames!
The four-headed hydra burns!
The four-headed hydra is engulfed in roaring flames.
The four-headed hydra closely misses you.
The four-headed hydra bites you. The four-headed hydra bites you!
The four-headed hydra completely misses you.
Casting: Sticky Flame
Confirm with . or Enter, or press ? or * to list all spells.
Aiming: Flame Tongue
Press: ? - help, Shift-Dir - straight line, f/p - four-headed hydra
Aim: a four-headed hydra (flame, heavily wounded, covered in liquid flames)
The flame tongue hits the four-headed hydra.
The four-headed hydra is severely wounded.
The four-headed hydra burns!
The four-headed hydra is engulfed in roaring flames.
The four-headed hydra bites you! The four-headed hydra misses you.
The four-headed hydra bites you!
You die...

#...# ##.........
#...# #..........
#...######.........
##..............รท...
#................<..
#..................
##...#..###...P###..
#....#####P...## #..
#..@..# #....# #..
##.D.## ##...# #.(
#...# #...# #.. #...#
#...# #.. #...# P...#
#.. #...# ##...#
#...# #.... P...#


You could see a four-headed hydra (burning).

Vanquished Creatures
  An elephant (D:8)
  A spiny frog (Lair:1)
  Grinder (D:6)
  Sigmund (D:4)
  A hog (D:7)
  5 yaks
  A human (D:7)
  4 sky beasts
  Duvessa (D:4)
  A porcupine (Lair:1)
  3 black bears
  An eye of draining (D:9)
  2 orc warriors (D:9)
  2 phantoms (D:4)
  An ice beast (D:5)
  3 centaurs
  6 ogres
  The ghost of graki42 the Magician, an average DEFE (D:3)
  4 giant frogs
  A wyvern skeleton (D:9)
  Dowan (D:4)
  A water moccasin skeleton (D:8)
  A wight (D:7)
  5 scorpions
  3 crimson imps
  3 quasits
  A giant frog zombie (D:9)
  8 hounds
  6 orc wizards
  2 centaur zombies (D:10)
  Crazy Yiuf (D:7)
  Ijyb (D:3)
  A centaur skeleton (D:5)
  A jelly (D:8)
  2 wasp zombies
  2 orc priests (D:7)
  A giant frog skeleton (D:8)
  Terence (D:3)
  2 iguanas
  10 worker ants
  A killer bee zombie (D:8)
  5 sheep
  A hound zombie (D:6)
  3 hound skeletons
  3 gnolls (D:3)
  3 shadow imps
  13 adders
  An adder skeleton (D:7)
  2 worms
  5 giant geckos
  32 orcs
  5 giant cockroaches
  10 goblins
  11 hobgoblins
  12 jackals
  3 quokkas
  3 ball pythons
  7 bats
  A giant cockroach zombie (D:5)
  A giant gecko skeleton (D:4)
  4 giant newts
  5 kobolds
  A quokka skeleton (D:6)
  6 rats
  A spectral orc (D:5)
233 creatures vanquished.

Vanquished Creatures (others)
  A black bear (D:7)
  A giant cockroach (D:7)
2 creatures vanquished.

Grand Total: 235 creatures vanquished

Notes
Turn   | Place    | Note
--------------------------------------------------------------
     0 | D:1      | graki42 the Deep Elf Fire Elementalist began the quest for the Orb.
     0 | D:1      | Reached XP level 1. HP: 10/10 MP: 6/6
   611 | D:1      | Reached XP level 2. HP: 13/15 MP: 4/8
   994 | D:2      | Found a snail-covered altar of Cheibriados.
  1364 | D:2      | Reached XP level 3. HP: 19/19 MP: 4/9
  1989 | D:2      | Reached XP level 4. HP: 24/24 MP: 8/11
  2099 | D:3      | Noticed Ijyb
  2105 | D:3      | Learned a level 3 spell: Conjure Flame
  2150 | D:3      | Killed Ijyb
  2150 | D:3      | Reached skill level 4 in Spellcasting
  2229 | D:3      | Noticed Terence
  2237 | D:3      | Killed Terence
  2238 | D:3      | Reached XP level 5. HP: 21/28 MP: 1/13
  2612 | D:3      | Noticed graki42's ghost (average DEFE)
  2776 | D:3      | Killed graki42's ghost
  2776 | D:3      | Reached skill level 5 in Spellcasting
  2918 | D:3      | Reached XP level 6. HP: 29/33 MP: 2/15
  2982 | D:3      | Learned a level 3 spell: Inner Flame
  2987 | D:3      | Learned a level 4 spell: Sticky Flame
  3301 | D:4      | Noticed Duvessa
  3301 | D:4      | Noticed Dowan
  3310 | D:4      | Killed Duvessa
  3520 | D:4      | Killed Dowan
  3520 | D:4      | Reached skill level 6 in Spellcasting
  3861 | D:4      | Reached skill level 5 in Fire Magic
  3861 | D:4      | Reached XP level 7. HP: 32/37 MP: 13/18
  3884 | D:5      | Entered Level 5 of the Dungeon
  3926 | D:4      | Noticed Sigmund
  4313 | D:4      | Found a sacrificial altar of Ru.
  4388 | D:4      | Killed Sigmund
  4388 | D:4      | Reached skill level 7 in Spellcasting
  4540 | D:4      | Reached skill level 5 in Conjurations
  4583 | D:4      | Reached skill level 1 in Fighting
  4583 | D:4      | Reached XP level 8. HP: 28/43 MP: 11/21
  4814 | D:5      | Found a basalt altar of Yredelemnul.
  4990 | D:5      | Found Dymamp's Magic Scroll Emporium.
  5052 | D:5      | Reached skill level 8 in Spellcasting
  5281 | D:5      | Found a sacrificial altar of Ru.
  5612 | D:5      | Found a burning altar of Makhleb.
  5861 | D:5      | Reached skill level 5 in Dodging
  5861 | D:5      | Reached skill level 1 in Hexes
  6637 | D:6      | Reached skill level 9 in Spellcasting
  6782 | D:6      | Reached XP level 9. HP: 34/47 MP: 15/24
  6866 | D:6      | Found an iron altar of Okawaru.
  6878 | D:6      | HP: 1/47 [centaur/arrow (14)]
  7404 | D:6      | Noticed Grinder
  7425 | D:6      | Killed Grinder
  7586 | D:7      | Found Terualo's Antique Weapon Emporium.
  7595 | D:7      | Found a shimmering altar of Xom.
  7604 | D:7      | Reached skill level 10 in Spellcasting
  7729 | D:7      | Found a white marble altar of Elyvilon.
  7792 | D:7      | Learned a level 5 spell: Fireball
  7795 | D:7      | Learned a level 2 spell: Blink
  7798 | D:7      | Learned a level 2 spell: Shroud of Golubria
  7806 | D:7      | Found an ancient bone altar of Kikubaaqudgha.
  7838 | D:7      | Found a staircase to the Ecumenical Temple.
  7844 | Temple   | Entered the Ecumenical Temple
  7874 | Temple   | Became a worshipper of Vehumet
  8245 | D:8      | Found a shattered altar of Ashenzari.
  8310 | D:7      | Reached skill level 5 in Stealth
  8862 | D:7      | Noticed Crazy Yiuf
  8867 | D:7      | Killed Crazy Yiuf
  9151 | D:8      | Acquired Vehumet's first power
  9151 | D:8      | Offered knowledge of Sandblast by Vehumet.
  9151 | D:8      | Reached skill level 11 in Spellcasting
  9156 | D:8      | Learned a level 1 spell: Sandblast
  9433 | D:8      | Reached XP level 10. HP: 52/52 MP: 23/27
  9649 | D:8      | Reached skill level 1 in Earth Magic
  9678 | D:8      | Found a staircase to the Lair.
  9678 | D:8      | Noticed an elephant
  9724 | D:8      | Killed an elephant
 10214 | D:9      | Got a faintly glowing helmet
 10220 | D:9      | Identified the +2 helmet of Beobuceb {rN+ MR+ rCorr Stlth-} (You found it on level 9 of the Dungeon)
 10274 | D:9      | Found a staircase to the Orcish Mines.
 10315 | D:9      | Gained mutation: You heal slowly when monsters are visible. [mutagenic meat]
 10316 | D:9      | Gained mutation: You tend to lose your temper in combat. [mutagenic meat]
 10317 | D:9      | Gained mutation: Your system is resistant to poisons. [mutagenic meat]
 10318 | D:9      | Gained mutation: You are frail (-10% HP). [mutagenic meat]
 10747 | D:9      | Found a sparkling altar of Nemelex Xobeh.
 10766 | D:9      | Offered knowledge of Throw Frost by Vehumet.
 10828 | D:9      | Found a bloodstained altar of Trog.
 10832 | D:9      | Learned a level 1 spell: Apportation
 11001 | D:9      | Found a shadowy altar of Dithmenos.
 11001 | D:9      | Found a glowing silver altar of Zin.
 11026 | D:10     | Entered Level 10 of the Dungeon
 11052 | D:10     | Reached skill level 12 in Spellcasting
 11165 | Lair:1   | Entered Level 1 of the Lair of Beasts
 11870 | Lair:1   | Learned a level 2 spell: Repel Missiles
 11874 | Lair:1   | Learned a level 3 spell: Mephitic Cloud
 11888 | Lair:1   | Noticed a four-headed hydra
 11895 | Lair:1   | Slain by a four-headed hydra

Vault maps used:
D:1:      lightli_arrival_boilingwater
D:2:      old_standard_altar, first_bread
D:3:      uniq_iyjb, uniq_terence
D:4:      old_standard_altar, uniq_duvessa, uniq_sigmund
D:5:      kennysheep_little_box, yredelemnul_forgotten_temple_becter,
          serial_shops, nicolae_shop_trees, basic_altar, grunt_tough_drop
D:6:      nicolae_overflow_crystal_walls, uniq_grinder
D:7:      lemuel_coloured_pillars_altar, xom_confusion_cloud,
          lemuel_doored_altar, minmay_temple_entry_hall, serial_shops,
          shop_fountains, grunt_livestock, uniq_crazy_yiuf_cottage
D:8:      david_lair_generic, basic_altar
D:9:      gammafunk_temple_overflow_wave, nemelex_xobeh_ov_fountains_minmay,
          david_orc_2, solitary_fountain, trog_book
D:10:     basic_altar, st_stairs_8, hangedman_abyss_or_decor_stagger,
          uniq_fannar, uniq_erolcha
Temple:   minmay_temple_bridge_a_8
Lair:1:   st_stairs_5, grunt_forest_large_clearings

Action                   |  1- 3 |  4- 6 |  7- 9 | 10-12 || total
-------------------------+-------+-------+-------+-------++-------
Melee: Dagger            |       |    13 |    68 |    14 ||    95
       Quarterstaff      |       |       |     1 |       ||     1
 Cast: Flame Tongue      |    87 |    95 |   215 |   119 ||   516
       Conjure Flame     |       |     6 |     8 |     4 ||    18
       Sticky Flame      |       |     3 |    35 |    30 ||    68
       Inner Flame       |       |     1 |    10 |     1 ||    12
       Sandblast         |       |       |     8 |    19 ||    27
       Blink             |       |       |     1 |       ||     1
Evoke: Wand              |       |       |     4 |       ||     4
  Use: Scroll            |       |     8 |     6 |     1 ||    15
       Potion            |       |     1 |     1 |       ||     2
 Stab: Sleeping          |       |       |     3 |     1 ||     4
       Paralysed         |       |       |     1 |       ||     1
  Eat: Chunk             |     2 |     7 |    15 |    11 ||    35
       Pizza             |       |       |     1 |       ||     1
       Beef jerky        |       |       |     1 |       ||     1
       Fruit             |       |       |     1 |     1 ||     2
